 Dungeon Crawl Stone Soup version 0.28.0-53-g5a82cb258f (webtiles) character file.

Game seed: 5366728360637041981

11 Descartes the Sneak (level 2, -2/11 HPs)
             Began as a Felid Wanderer on June 19, 2022.
             Slain by a quokka (5 damage)
             ... on level 1 of the Dungeon.
             The game lasted 00:00:43 (606 turns).

Descartes the Sneak (Felid Wanderer)                 Turns: 606, Time: 00:00:43

Health: -2/11      AC:  1    Str:  8    XL:     2   Next: 17%
Magic:  3/4        EV: 16    Int: 11    God:
Gold:   3          SH:  0    Dex: 17    Spells: 2/3 levels left
                                        Lives:  0   Deaths: 0

rFire   . . .      SeeInvis +   (weapon unavailable)
rCold   . . .      Faith    .   (shield unavailable)
rNeg    . . .      Spirit   .   (armour unavailable)
rPois   .          Reflect  .   (helmet unavailable)
rElec   .          Harm     .   (cloak unavailable)
rCorr   .          Rampage  .   (gloves unavailable)
Will    .....                   (boots unavailable)
Stlth   ++++......              (no amulet)
HPRegen 0.03/turn               (no ring)
MPRegen 0.09/turn               (no ring)

@: appendages (expiring), quick
A: horns 2, very small, claws 1, fangs 3, see invisible, speed 1, shaggy fur 1,
stealthy paws, no weapons or thrown items, no armour, multi-lived
a: End Transformation


You were on level 1 of the Dungeon.
You had temporarily grown beastly horns.
You visited 1 branch of the dungeon, and saw 1 of its levels.

You collected 3 gold pieces.

Inventory:

Potions
 b - a potion of degeneration {unknown}
Miscellaneous
 a - a phantom mirror


   Skills:
 + Level 1.1 Dodging
 + Level 6.8 Stealth
 + Level 0.6 Unarmed Combat
 - Level 1.0 Spellcasting
 + Level 1.5 Transmutations
 - Level 1.0 Invocations
 - Level 2.1 Evocations


You had 2 spell levels left.
You knew the following spells:

 Your Spells              Type           Power      Damage    Failure   Level
a - Beastly Appendage     Tmut           6%         N/A       17%         1

Your spell library contained the following spells:

 Spells                   Type           Power      Damage    Failure   Level
 Spider Form              Tmut/Pois      2%         N/A       56%         3


Dungeon Overview and Level Annotations

Branches:
Dungeon (1/15)

Altars:


Innate Abilities, Weirdness & Mutations

You have temporarily grown beastly horns.
You have sharp claws.
You have razor-sharp teeth.
You have supernaturally acute eyesight. (SInv)
You cover ground quickly. (Speed+)
You are covered in fur. (AC +1)
Your paws help you pounce on unaware monsters.
You are incapable of wielding weapons or throwing items.
You cannot wear armour.
You gain extra lives every three experience levels.


Message History

You scratch the kobold. You headbutt the kobold.
The kobold is severely wounded.
The kobold closely misses you.
You scratch the kobold.
You kill the kobold!
Things that are here:
a +0 short sword; a kobold corpse You see here 16 gold pieces.
The quokka barely misses you.
You scratch the quokka.
The quokka is moderately wounded.
The quokka misses you.
You scratch the quokka but do no damage.
Your claw misses the quokka.
The quokka is moderately wounded.
Your horns disappear.
The quokka barely misses you.
You closely miss the quokka.
The quokka is moderately wounded.
The quokka closely misses you.
You closely miss the quokka. You bite the quokka.
The quokka is severely wounded.
The quokka misses you.
You scratch the quokka.
The quokka is almost dead.
The quokka bites you but does no damage.
The quokka bites you.
* * * LOW HITPOINT WARNING * * *
You are too injured to fight recklessly!
You are too injured to fight recklessly!
You are too injured to fight recklessly!
You are too injured to fight recklessly!
You are too injured to fight recklessly!
A quokka is nearby!
Casting: Beastly Appendage (safe; 17% risk of failure)
Confirm with . or Enter, or press ? or * to list all spells.
You grow a pair of large bovine horns.
Your transformation is almost over.
The quokka bites you.
You die...

♣........... .P♣♣♣♣. P
♣...........##
...PPP.♣P♣. ###.......##
........PP# #.....##...
..........# #..........
..........####..........
..................#.....
..................##....
......r@$...........#...
........##).....#.......
...##....#......#.......
# #....#_.....#.......
#....#..........#...
#...........##..#.#.
........#+#.......#
.#.......# ##### #.#
....#.# #


You could see a quokka.

Vanquished Creatures
  A bat (D:1)
  An endoplasm (D:1)
  2 giant cockroaches (D:1)
  A goblin (D:1)
  A hobgoblin (D:1)
  A kobold (D:1)
  3 rats (D:1)
10 creatures vanquished.

Notes
Turn   | Place    | Note
-------+----------+-------------------------------------------
     0 | D:1      | Descartes the Felid Wanderer began the quest for the Orb.
     0 | D:1      | Descartes set off with the following items: a phantom
                  | mirror; and the following spell memorised: Beastly
                  | Appendage; and the following spells available to memorise:
                  | Spider Form
     0 | D:1      | Reached XP level 1. HP: 7/7 MP: 3/3
   528 | D:1      | Reached skill level 1 in Dodging
   528 | D:1      | Reached XP level 2. HP: 11/11 MP: 2/4
   582 | D:1      | Found a faded altar of an unknown god.
   606 | D:1      | Slain by a quokka

Illustrated notes

Levels and vault maps discovered:
D:1:      dpeg_arrival_prison, layout_basic, basic_ecumenical_altar,
          serial_forest, infiniplex_forest_clump_double,
          infiniplex_forest_straight_2, infiniplex_forest_fountain,
          infiniplex_forest_lined_2, infiniplex_forest_straight_3,
          infiniplex_forest_clump_long, minmay_vboxes

Skill      XL: |  1 |
---------------+----+-----
Dodging        | 1 |  1.1
Stealth        | |  6.8
Unarmed Combat | |  0.6
Spellcasting   | |  1.0
Transmutations | |  1.5
Invocations    | |  1.0
Evocations     | |  2.1

Action                   || total
-------------------------++-------
Melee: Unarmed           ||    30
       Headbutt          ||     6
       Bite              ||     2
 Cast: Beastly Appendage ||     9
 Stab: Sleeping          ||     2
Armor: Skin              ||     5
Dodge: Dodged            ||    26
